 Dungeon Crawl Stone Soup version 0.31.0-7-gf635a9b802 (webtiles) character file.

Game seed: 18183437375502664458

660523 inmateoo the Demon Slayer (level 27, -5/144 (254) HPs)
             Began as a Minotaur Fighter on Jan 23, 2024.
             Was a High Priest of the Shining One.
             Slain by an iron golem (28 damage)
             ... led by an iron giant
             ... on level 5 of the Iron City of Dis.
             The game lasted 01:52:14 (62924 turns).

inmateoo the Demon Slayer (Minotaur Fighter)       Turns: 62924, Time: 01:52:14

HP:   -5/144 (254)  AC: 38    Str: 23 (39) XL:     27
MP:   35/35         EV: 10    Int: 13 (14) God:    the Shining One [*****.]
Gold: 9695          SH: 15    Dex: 12 (15) Spells: 26/26 levels left

rFire   + + .        B - +8 mithril axe "Arga" {speed, Will+}
rCold   + + +        D - +0 kite shield {reflect}
rNeg    + + +        J - +12 gold dragon scales
rPois   +            p - +0 hat of Qesm {*Corrode Str+6 Int+4}
rElec   +            G - +2 cloak {rPois}
rCorr   +            q - +2 pair of gloves of Huusk {Regen+ Int+3}
SInv    .            o - +1 pair of boots of the Beekeeper {rC+ rN++ Int-3}
Will    ++++.        g - amulet of regeneration Stlth
                     N - ring of Siysul {rElec rF+ rC+ rCorr Int+6}
HPRegen 2.04/turn    a - ring of willpower
MPRegen 0.24/turn

%: corrode self (3%), reflection, clarity
@: hasted, glowing, studying 2 skills, very heavily drained, corroded, very
quick
A: horns 2, retaliatory headbutt, iridescent scales 2, clarity, strong 1, [low
MP 1]
}: 4/15 runes: serpentine, barnacled, silver, golden
a: Renounce Religion, Divine Shield, Cleansing Flame, Summon Divine Warrior


You were on level 5 of the Iron City of Dis.
You worshipped the Shining One.
The Shining One was extremely pleased with you.
You visited 14 branches of the dungeon, and saw 58 of its levels.
You visited the Abyss 1 time.
You visited 2 bazaars.
You also visited: Gauntlet and Ice Cave.

You collected 14281 gold pieces.
You spent 4586 gold pieces at shops.

Inventory:

Hand Weapons
 B - the +8 mithril axe "Arga" (weapon) {speed, Will+}
   (You took it off a vault sentinel on level 5 of the Vaults)

   Will+:     It increases your willpower.
 H - a +9 spectral broad axe
 P - a +9 broad axe of holy wrath
Missiles
 x - 4 throwing nets (quivered)
 Q - 17 javelins
Armour
 o - the +1 pair of boots of the Beekeeper (worn) {rC+ rN++ Int-3}
   (You bought it in a shop on level 2 of the Elven Halls)

   Int-3:     It affects your intelligence (-3).
   rC+:       It protects you from cold.
   rN++:      It greatly protects you from negative energy.
 p - the +0 hat of Qesm (worn) {*Corrode Str+6 Int+4}
   (You acquired it on level 1 of the Depths)

   Str+6:     It affects your strength (+6).
   Int+4:     It affects your intelligence (+4).
   *Corrode:  It may corrode you when you take damage.
 q - the +2 pair of gloves of Huusk (worn) {Regen+ Int+3}
   (You found it on level 3 of the Crypt)

   Int+3:     It affects your intelligence (+3).
   Regen+:    It increases your rate of health regeneration.
 D - a +0 kite shield of reflection (worn)
 G - a +2 cloak of poison resistance (worn)
 J - +12 gold dragon scales (worn)
Jewellery
 a - a ring of willpower (right hand)
 g - an amulet of regeneration (around neck)
 y - the ring of the Rhinotaur {rC+ Str+6 Int-3 Dex+2 Slay+3}
   (You bought it in a shop on level 3 of the Depths)

   [ring of strength]

   Str+6:     It affects your strength (+6).
   Int-3:     It affects your intelligence (-3).
   Dex+2:     It affects your dexterity (+2).
   Slay+3:    It affects your accuracy & damage with ranged weapons and melee
   (+3).
   rC+:       It protects you from cold.
 N - the ring of Siysul (left hand) {rElec rF+ rC+ rCorr Int+6}
   (You bought it in a shop on level 3 of the Snake Pit)

   [ring of intelligence]

   Int+6:     It affects your intelligence (+6).
   rF+:       It protects you from fire.
   rC+:       It protects you from cold.
   rElec:     It insulates you from electricity.
   rCorr:     It protects you from acid and corrosion.
 X - the amulet of Xoyxkad {Spirit rC+ rCorr Str+3 Dex-2}
   (You acquired it on level 3 of the Vaults)

   [amulet of guardian spirit]

   Spirit:    It causes incoming damage to be divided between your reserves of
   health and magic.
   Str+3:     It affects your strength (+3).
   Dex-2:     It affects your dexterity (-2).
   rC+:       It protects you from cold.
   rCorr:     It protects you from acid and corrosion.
Wands
 c - a wand of digging (22)
 d - a wand of quicksilver (32)
 l - a wand of iceblast (87)
 m - a wand of polymorph (48)
 v - a wand of paralysis (44)
 T - a wand of mindburst (42)
Scrolls
 b - 8 scrolls of fog
 e - 3 scrolls of blinking
 i - 45 scrolls of identify
 n - 2 scrolls of revelation
 u - 5 scrolls of fear
 w - 4 scrolls of enchant armour
 F - 3 scrolls of amnesia
 R - 7 scrolls of immolation
 U - 16 scrolls of teleportation
 Y - 2 scrolls of silence
Potions
 f - 6 potions of enlightenment
 h - 2 potions of magic
 j - 6 potions of might
 k - 6 potions of cancellation
 r - 2 potions of resistance
 s - 15 potions of heal wounds
 t - 6 potions of ambrosia
 A - 2 potions of haste
 C - 19 potions of curing
 E - 7 potions of mutation
 V - 6 potions of berserk rage
Miscellaneous
 S - a phantom mirror (inert)
 Z - a figurine of a ziggurat


   Skills:
 * Level 21.9 Fighting
 * Level 21.8 Axes
 * Level 15.4 Armour
 - Level 20.0 Dodging
 - Level 20.0 Shields
 O Level 27 Invocations
 - Level 20.0 Shapeshifting


You had 26 spell levels left.
You didn't know any spells.
Your spell library contained the following spells:

 Spells                   Type           Power      Damage    Failure   Level
 Foxfire                  Conj/Fire      0%         2x1d4     100%        1
 Kiss of Death            Conj/Necr      0%         2d5       100%        1
 Magic Dart               Conj           0%         1d3       100%        1
 Necrotise                Necr           0%         1d4       100%        1
 Sandblast                Erth           0%         2d4       100%        1
 Shock                    Conj/Air       0%         1d3       100%        1
 Slow                     Hex            0%         N/A       100%        1
 Sting                    Conj/Alch      0%         1d3       100%        1
 Summon Small Mammal      Summ           0%         N/A       100%        1
 Blink                    Tloc           0%         N/A       100%        2
 Call Imp                 Summ           0%         N/A       100%        2
 Ensorcelled Hibernation  Hex/Ice        0%         N/A       100%        2
 Lesser Beckoning         Tloc           0%         N/A       100%        2
 Mercury Vapours          Alch/Air       0%         N/A       100%        2
 Scorch                   Fire           0%         2d5       100%        2
 Call Canine Familiar     Summ           0%         N/A       100%        3
 Confusing Touch          Hex            0%         N/A       100%        3
 Dazzling Flash           Conj/Hex       0%         N/A       100%        3
 Fugue of the Fallen      Necr           0%         N/A       100%        3
 Gell's Gravitas          Tloc           0%         N/A       100%        3
 Hailstorm                Conj/Ice       0%         3d5       100%        3
 Inner Flame              Hex/Fire       0%         N/A       100%        3
 Mephitic Cloud           Conj/Alch/Air  0%         N/A       100%        3
 Ozocubu's Armour         Ice            0%         N/A       100%        3
 Passwall                 Erth           0%         N/A       100%        3
 Sigil of Binding         Hex            0%         N/A       100%        3
 Summon Ice Beast         Ice/Summ       0%         N/A       100%        3
 Swiftness                Air            0%         N/A       100%        3
 Teleport Other           Tloc           0%         N/A       100%        3
 Vampiric Draining        Necr           0%         2d6       100%        3
 Airstrike                Air            0%         2d(0-16)  100%        4
 Anguish                  Hex/Necr       0%         N/A       100%        4
 Animate Armour           Summ/Erth      0%         N/A       100%        4
 Brom's Barrelling Bould  Conj/Erth      0%         2d3       100%        4
 Dimensional Bullseye     Hex/Tloc       0%         N/A       100%        4
 Dispel Undead            Necr           0%         3d6       100%        4
 Flame Wave               Conj/Fire      0%         2d4       100%        4
 Iskenderun's Mystic Bla  Conj/Tloc      0%         2d3       100%        4
 Manifold Assault         Tloc           0%         N/A       100%        4
 Olgreb's Toxic Radiance  Alch           0%         N/A       100%        4
 Passage of Golubria      Tloc           0%         N/A       100%        4
 Summon Blazeheart Golem  Fire/Summ      0%         N/A       100%        4
 Summon Lightning Spire   Summ/Air       0%         N/A       100%        4
 Vhi's Electric Charge    Tloc/Air       0%         N/A       100%        4
 Alistair's Intoxication  Alch           0%         N/A       100%        5
 Arcjolt                  Conj/Air       0%         1d10      100%        5
 Borgnjor's Vile Clutch   Necr/Erth      0%         N/A       100%        5
 Curse of Agony           Necr           0%         N/A       100%        5
 Fireball                 Conj/Fire      0%         3d3       100%        5
 Irradiate                Conj/Alch      0%         3d11      100%        5
 Iskenderun's Battlesphe  Conj           0%         2d6       100%        5
 Lee's Rapid Deconstruct  Erth           0%         3d4*      100%        5
 Metabolic Englaciation   Hex/Ice        0%         N/A       100%        5
 Silence                  Hex/Air        0%         N/A       100%        5
 Summon Forest            Summ/Tloc      0%         N/A       100%        5
 Conjure Ball Lightning   Conj/Air       0%         3x3d6     100%        6
 Eringya's Noxious Bog    Alch           0%         4d6       100%        6
 Plasma Beam              Fire/Air       0%         2x1d10    100%        6
 Sculpt Simulacrum        Ice/Alch       0%         N/A       100%        6
 Starburst                Conj/Fire      0%         6d3       100%        6
 Summon Cactus Giant      Summ           0%         N/A       100%        6
 Haunt                    Necr/Summ      0%         N/A       100%        7
 Malign Gateway           Summ/Tloc      0%         N/A       100%        7
 Orb of Destruction       Conj           0%         9d5       100%        7
 Ozocubu's Refrigeration  Ice            0%         4d7       100%        7
 Summon Hydra             Summ           0%         N/A       100%        7
 Discord                  Hex            0%         N/A       100%        8
 Ignition                 Fire           0%         3d3       100%        8
 Chain Lightning          Conj/Air       0%         N/A       100%        9
 Dragon's Call            Summ           0%         N/A       100%        9
 Fire Storm               Conj/Fire      0%         5d1       100%        9
 Shatter                  Erth           0%         3d5*      100%        9


Dungeon Overview and Level Annotations

Branches:
Dungeon (15/15)            Temple (1/1) D:6            Lair (5/5) D:9
 Shoals (4/4) Lair:2        Snake (4/4) Lair:2        Slime (0/5) Lair:5
    Orc (2/2) D:11            Elf (3/3) Orc:2        Vaults (5/5) D:13
  Crypt (3/3) Vaults:2       Tomb (3/3) Crypt:3      Depths (4/4) D:15
   Hell (visited)             Dis (5/7) Hell            Geh (0/7) Hell
    Coc (0/7) Hell            Tar (0/7) Hell            Zot (3/5) Depths:4
  IceCv (visited)         Gauntlet (visited)

Altars:
Ashenzari
Cheibriados
Dithmenos
Elyvilon
Fedhas
Gozag
Hepliaklqana
Kikubaaqudgha
Makhleb
Nemelex Xobeh
Okawaru
Qazlal
Ru
Sif Muna
Trog
Uskayaw
Vehumet
Wu Jian
Xom
Yredelemnul
Zin
The Shining One
Jiyva

Shops:
D:5 !   Orc:1 *   Orc:2 :=(*[   Elf:2 (:?*   Shoals:2 *   Snake:3 =!=(
Vaults:1 (   Vaults:3 *   Depths:3 =!(

Portals:
Hell: Depths:1 Depths:2 Depths:3 Depths:4
Abyss: Depths:2 Depths:3
Pandemonium: Depths:2
Ziggurat: Depths:1

Annotations:
Zot:1 3 runed translucent doors, Heisao's ghost, legendary TrBe


Innate Abilities, Weirdness & Mutations

You have a pair of horns on your head.
You reflexively headbutt those who attack you in melee.
You are mostly covered in iridescent scales. (AC +4)
You possess an exceptional clarity of mind.
Your muscles are strong. (Str +4, Int/Dex -1)
[Your magical capacity is low. (-10% MP)]


Message History

You headbutt the iron golem, but do no damage.
The iron golem is severely damaged.
You hit the iron golem but do no damage.
Your iron golem shimmers and vanishes!
The iron golem hits you! You block the iron golem's attack.
You hit the iron golem.
The iron golem is severely damaged.
You slash the iron golem! The iron golem closely misses you.
You furiously retaliate!
You headbutt the iron golem! You block the iron golem's attack.
You slice the iron golem!!
The iron golem is severely damaged.
You hit the iron golem but do no damage.
You block the iron golem's attack.
The iron golem hits you but does no damage.
You slash the iron golem!
You headbutt the iron golem, but do no damage.
The iron golem is severely damaged.
You hit the iron golem. You block the iron golem's attack. x2
You hit the iron golem but do no damage.
You headbutt the iron golem, but do no damage.
The iron golem is severely damaged.
You hit the iron golem but do no damage.
You block the iron golem's attack. x2
You slice the iron golem!!
You headbutt the iron golem, but do no damage.
The iron golem is almost destroyed.
You slash the iron golem! The iron golem hits you!!
* * * LOW HITPOINT WARNING * * *
The iron golem hits you!
* * * LOW HITPOINT WARNING * * *
You slice the iron golem!!
You headbutt the iron golem, but do no damage.
The iron golem is almost destroyed.
You hit the iron golem but do no damage.
The iron golem hits you but does no damage.
The iron golem misses you.
Okay, then.
You feel yourself speed up. The iron golem hits you!!
You die...

#...# +...# #...#
#...# #...#
#...######
#)........
..########..^......
.......@9..........
.......9∩..........
...................
...................
##########.........
#.....#### ......#
######


You could see 2 iron golems.

Vanquished Creatures
  Frederick (Vaults:5)
  2 ancient liches
  4 dread liches (Vaults:5)
  Mara (Vaults:5)
  Mennas (Crypt:2)
  15 royal mummies
  Sojobo (Vaults:5)
  Boris (thrice) (Vaults:1 Vaults:2 Vaults:4)
  Bai Suzhen (Vaults:5)
  A curse toe (Zot:2)
  4 caustic shrikes
  The ghost of Woadakig the Executioner, a veteran FoFi of Dithmenos (Crypt:1)
  Geryon (Hell)
  5 golden dragons
  Nikola (Depths:2)
  A bone dragon (Crypt:3)
  The ghost of theMacoje the Slayer, an adept OnEn of Okawaru (Vaults:4)
  A profane servitor (Crypt:3)
  6 iron giants
  An Ice Fiend (IceCv)
  2 shard shrike zombies
  8 tentacled monstrosities
  Mlioglotl (Shoals:1)
  Zenata (Elf:1)
  Rupert (D:12)
  3 quicksilver dragons
  6 liches
  6 titans
  2 deep elf blademasters (Elf:3)
  A deep elf master archer (Elf:3)
  8 sphinxes
  13 ancient champions
  A tentacled starspawn (Abyss:2)
  6 shadow dragons
  11 storm dragons
  10 tengu reavers
  The ghost of Tuffe the Warrior, an adept FoFi of Okawaru (Snake:2)
  Roxanne (Snake:3)
  A daeva (Abyss:2)
  2 azure jellies (Vaults:1)
  Donald (Snake:2)
  Ilsuiw (Shoals:3)
  19 vault wardens
  2 draconian monks
  8 revenants
  5 nagarajas
  2 rockslimes (Vaults:1)
  2 protean progenitors (Zot:2)
  2 draconian knights
  3 quicksilver elementals
  A draconian shifter (Zot:2)
  4 balrugs
  5 iron dragons
  2 ghost moths
  5 deep elf sorcerers
  7 fire giants
  10 frost giants
  2 caustic shrike zombies (Crypt:3)
  2 draconian scorchers
  3 deep elf elementalists (Elf:3)
  7 reapers (Hell)
  17 ghouls
  The ghost of xelsha the Cleaver, a journeyman GnEE of Cheibriados (Lair:4)
  4 curse skulls
  32 ironbound preservers
  A draconian stormcaller (Zot:2)
  2 orc warlords
  A draconian annihilator (Depths:4)
  32 very ugly things
  3 spriggan defenders
  17 stone giants
  3 formless jellyfish (Vaults:2)
  4 vampire knights
  7 ironbound thunderhulks
  8 green draconians
  A black draconian (Zot:2)
  6 deep elf demonologists
  3 red draconians (Zot:2)
  2 yellow draconians
  10 deep elf death magi
  6 deep elf annihilators
  10 war gargoyles
  6 bennus
  The ghost of Loywebes the Blocker, a journeyman MiFi of Makhleb (Lair:3)
  3 purple draconians
  2 spark wasps (Depths:3)
  Azrael (Elf:2)
  7 white draconians
  8 eidola
  11 ettins
  4 iron golems
  25 mummy priests
  4 crystal guardians
  8 merfolk javelineers
  Josephine (D:13)
  4 fire dragons
  10 merfolk impalers
  4 jiangshi
  14 yaktaur captains
  4 entropy weavers
  7 deep elf high priests
  6 spriggan zombies
  Fannar (D:12)
  2 great orbs of eyes
  A rakshasa (Depths:3)
  37 vault guards
  3 spriggan air magi
  7 ice dragons
  6 hydras
  14 anacondas
  4 salamander tyrants (Snake:4)
  10 ironbound frosthearts
  3 death knights (Crypt:3)
  A hell beast (Depths:1)
  5 merfolk avatars
  A catoblepas (Vaults:4)
  16 centaur warriors
  4 ogre magi
  5 peacekeepers
  8 merfolk aquamancers
  3 radroaches (Vaults:4)
  10 two-headed ogres
  20 boulder beetles
  4 satyrs
  A two-headed ogre (shapeshifter) (Depths:2)
  A demonic crawler (Hell)
  11 naga warriors
  74 death scarabs
  4 tengu warriors
  The ghost of dakkaduck the Severer, a novice MiBe of Trog (D:9)
  5 occultists
  A thrashing horror (Abyss:2)
  10 spriggan berserkers
  10 naga sharpshooters
  24 dancing weapons
  An orc high priest (Orc:2)
  2 hell hogs (Hell)
  6 deep troll shamans
  7 shock serpents
  7 vampire magi
  6 deep troll earth magi
  A storm dragon zombie (D:15)
  6 hell knights
  10 deep elf knights
  3 soul eaters (Hell)
  14 sun demons
  Sonja (Lair:1)
  36 skeletal warriors
  Nergalle (Lair:3)
  5 shadow wraiths
  A crystal echidna (Dis:4)
  8 skysharks
  5 salamander mystics (Snake:4)
  17 iron trolls
  A quicksilver dragon simulacrum (Depths:1)
  14 mana vipers
  2 death drakes (Vaults:4)
  2 bunyip zombies
  7 flayed ghosts
  91 deep trolls
  5 naga ritualists
  A storm dragon skeleton (Crypt:2)
  2 sun moths
  3 arcanists
  18 sea snakes
  A spriggan druid (Depths:3)
  A harpy (shapeshifter) (D:13)
  9 orc knights
  2 tengu zombies (Crypt:3)
  6 spriggan simulacra
  A shock serpent (shapeshifter) (Vaults:4)
  25 deep elf pyromancers
  An anaconda zombie (Crypt:3)
  6 deep elf archers
  An obsidian statue (IceCv)
  2 glowing orange brains
  18 ironbound convokers
  A bunyip skeleton (Tomb:3)
  13 necromancers
  22 phantasmal warriors
  7 lindwurms
  5 orc sorcerers
  14 ugly things
  23 harpies
  16 deep elf zephyrmancers
  10 cyclopes
  4 wolf spiders
  A frost giant zombie (Crypt:2)
  20 manticores
  A manticore (shapeshifter) (Depths:3)
  27 fauns
  12 salamanders
  3 worldbinders (Vaults:4)
  A stone giant zombie (Depths:2)
  13 moths of wrath
  A faun (shapeshifter) (Vaults:5)
  A meliai (shapeshifter) (D:14)
  3 large abominations (Abyss:2)
  A rust devil (Hell)
  6 merfolk sirens
  An ice statue (Depths:4)
  7 elephants (Lair:5)
  A stone giant skeleton (Crypt:1)
  An iron dragon skeleton (Crypt:1)
  3 meliai (D:14)
  3 naga zombies
  15 vault sentinels
  4 water nymphs
  Joseph (D:7)
  19 naga magi
  A titan simulacrum (Tomb:3)
  3 kobold blastminers
  An apocalypse crab (Abyss:2)
  2 smoke demons (Abyss:2)
  41 black mambas
  5 guardian serpents (Snake:4)
  2 torpor snails (Lair:5)
  The ghost of blundermoth the Firebug, a novice DrFE (D:7)
  An orange demon (Abyss:2)
  A shock serpent skeleton (Crypt:1)
  3 gargoyles
  A storm dragon simulacrum (Tomb:2)
  A fire giant skeleton (Depths:2)
  A black draconian zombie (Crypt:1)
  9 cane toads
  Maggie (D:9)
  2 unseen horrors
  7 hellions
  15 freezing wraiths
  53 yaktaurs
  9 komodo dragons
  3 rime drakes
  2 efreet
  44 guardian mummies
  6 kobold demonologists
  2 ancient zymes (Abyss:2)
  4 anaconda simulacra (IceCv)
  15 ice devils
  3 red devils (Hell)
  A polar bear (shapeshifter) (D:13)
  A tormentor (Dis:3)
  2 wind drakes
  3 trolls
  3 tengu conjurers
  2 white draconian skeletons
  A golden dragon simulacrum (IceCv)
  Psyche (D:8)
  A hydra zombie (Crypt:3)
  3 polar bears
  A tyrant leech (Zot:2)
  40 merfolk
  7 hornets
  An alligator simulacrum (IceCv)
  4 raiju (Abyss:2)
  A harpy skeleton (Crypt:1)
  3 harpy zombies (Crypt:3)
  A wind drake (shapeshifter) (D:13)
  18 blink frogs
  2 ettin zombies
  2 tarantellas (Vaults:4)
  A merfolk zombie (Hell)
  A glass eye (shapeshifter) (Vaults:5)
  11 dream sheep
  17 snapping turtles
  2 death drake skeletons (Crypt:2)
  A dream sheep (shapeshifter) (Vaults:5)
  3 glass eyes (Zot:2)
  2 centaur simulacra (D:13)
  2 shadows
  34 slime creatures
  A vampire (D:13)
  A black mamba zombie (Crypt:3)
  A naga simulacrum (Hell)
  23 water elementals
  2 air elementals (Elf:2)
  8 jumping spiders
  3 spriggan skeletons
  19 spriggans (Depths:3)
  A dire elephant simulacrum (IceCv)
  An ettin skeleton (Tomb:3)
  14 wraiths
  9 ushabtiu
  5 basilisks
  27 yaks
  4 redbacks
  5 wyverns
  7 fire elementals
  A golden eye (shapeshifter) (Vaults:5)
  4 wargs
  A harpy simulacrum (Crypt:1)
  5 minotaur simulacra (IceCv)
  2 steam dragons
  33 nagas
  11 vampire mosquitoes
  2 spatial vortices (Vaults:4)
  15 water moccasins
  4 acid dragons
  6 hell hounds
  2 hydra simulacra
  2 ice beasts
  3 ettin simulacra (IceCv)
  24 orc warriors
  2 black bears
  6 laughing skulls (Abyss:2)
  3 boggarts (Vaults:4)
  15 starcursed masses (Abyss:2)
  10 wolves
  9 ogres
  12 centaurs
  2 phantoms
  11 kobold brigands
  10 bullfrogs
  2 gnoll sergeants
  16 necrophages
  An earth elemental (Elf:3)
  2 small abominations (Abyss:2)
  7 deep troll simulacra (IceCv)
  2 scorpions
  8 wyvern skeletons (Crypt:3)
  3 wights (D:7)
  6 killer bees
  A polar bear zombie (Crypt:1)
  2 lindwurm simulacra (IceCv)
  A yak zombie (Crypt:2)
  4 electric eels
  2 howler monkeys
  A wolf skeleton (Crypt:1)
  A lava snake (D:8)
  4 hounds
  2 bombardier beetles
  A human zombie (Crypt:2)
  3 jellies (Lair:5)
  A black bear zombie (Crypt:1)
  A gnoll bouda (D:6)
  14 orc priests
  4 sleepcaps
  Ijyb (D:5)
  6 iguanas
  15 orc wizards
  6 hell rats (Hell)
  40 mummies
  16 gnolls
  8 adders
  2 white imps
  4 ufetubi (D:6)
  An iguana zombie (Crypt:2)
  A ribbon worm (D:2)
  3 dart slugs
  57 orcs
  6 endoplasms
  10 giant cockroaches
  11 goblins
  3 hobgoblins
  4 quokkas
  5 ball pythons
  2 frilled lizards
  16 kobolds
  7 rats
  An aspiring flesh (Zot:2)
  2 creeping infernos (Hell)
  4 fire vortices (Hell)
  4 spectral weapons
2514 creatures vanquished.

Vanquished Creatures (collateral kills)
  The ghost of AgonHex the Hoplite, a veteran HOFi of Qazlal (Vaults:1)
  2 caustic shrikes (Dis:4)
  Norris (Depths:1)
  A Hell Sentinel (Dis:3)
  An ancient champion (Dis:4)
  Aizul (Snake:2)
  A frost giant (Depths:1)
  2 quicksilver elementals
  A slime creature (Vaults:1)
  2 very ugly things (Depths:1)
  2 war gargoyles
  A minotaur (Gauntlet)
  An ettin (Depths:2)
  3 iron golems
  A tengu warrior (Depths:1)
  A naga sharpshooter (Snake:2)
  2 hell knights (Depths:2)
  A crystal echidna (Dis:4)
  A skyshark (Depths:1)
  A flayed ghost (Depths:2)
  An ugly thing (Depths:1)
  A shining eye (Vaults:1)
  A moth of wrath (Lair:3)
  A tormentor (Dis:4)
  A hornet (Lair:3)
  4 spriggans (Lair:3)
36 creatures vanquished.

Vanquished Creatures (others)
  Asterion (Elf:3)
  An eldritch tentacle (Vaults:4)
  A war gargoyle (Vaults:5)
  A deep elf annihilator (Elf:3)
  A rakshasa (Depths:4)
  A merfolk aquamancer (Shoals:4)
  A deep elf pyromancer (Elf:3)
  A deep elf zephyrmancer (Elf:2)
  A merfolk (Shoals:4)
  A snapping turtle (Shoals:4)
  2 blink frogs (Abyss:2)
  A spriggan (Depths:3)
  A water elemental (Shoals:2)
  A golden eye (Abyss:2)
  A human (D:4)
  An ogre (Vaults:5)
  An orc wizard (D:13)
  A hell rat (Hell)
  A creeping inferno (Hell)
  2 starspawn tentacles (Abyss:2)
22 creatures vanquished.

Grand Total: 2572 creatures vanquished

Notes
Turn   | Place    | Note
-------+----------+-------------------------------------------
     0 | D:1      | inmateoo the Minotaur Fighter began the quest for the Orb.
     0 | D:1      | Reached XP level 1. HP: 19/19 MP: 0/0
   313 | D:1      | Reached XP level 2. HP: 27/27 MP: 1/1
   576 | D:2      | Noticed a phantom
   593 | D:2      | Killed a phantom
   594 | D:2      | Reached skill level 1 in Dodging
   594 | D:2      | Reached XP level 3. HP: 24/33 MP: 2/2
   594 | D:2      | Reached XP level 4. HP: 29/40 MP: 3/3
   872 | D:2      | Reached XP level 5. HP: 46/46 MP: 4/4
  1198 | D:3      | Found a hide-covered altar of Uskayaw.
  1199 | D:3      | Noticed a +0 hand axe
  1199 | D:3      | Noticed a +0 hand axe
  2270 | D:4      | Found an ancient bone altar of Kikubaaqudgha.
  2273 | D:4      | Noticed a human
  2274 | D:4      | Noticed a phantom
  2275 | D:4      | Killed a human
  2289 | D:4      | Killed a phantom
  2290 | D:4      | Reached XP level 6. HP: 53/53 MP: 5/5
  2431 | D:4      | Reached skill level 5 in Axes
  2664 | D:4      | Found a blossoming altar of Fedhas.
  2813 | D:5      | Entered Level 5 of the Dungeon
  2813 | D:5      | Found a hazy altar of Hepliaklqana.
  2961 | D:5      | Reached skill level 5 in Armour
  2961 | D:5      | Reached skill level 5 in Shields
  3124 | D:5      | Noticed Ijyb
  3135 | D:5      | Killed Ijyb
  3136 | D:5      | Reached skill level 5 in Fighting
  3158 | D:5      | Found a shimmering altar of Xom.
  3183 | D:5      | Reached XP level 7. HP: 53/61 MP: 6/6
  3388 | D:5      | Found Tiwk's Distillery.
  3396 | D:5      | Bought a potion of haste for 140 gold pieces
  3433 | D:5      | Found a shimmering blue altar of Sif Muna.
  4136 | D:6      | Reached XP level 8. HP: 70/70 MP: 7/7
  4361 | D:6      | Found a staircase to the Ecumenical Temple.
  4639 | Temple   | Entered the Ecumenical Temple
  4652 | Temple   | Became a worshipper of the Shining One
  4702 | D:7      | Found a runed translucent door.
  4703 | D:7      | Noticed a cyclops
  4703 | D:7      | Noticed blundermoth's ghost (novice DrFE)
  4826 | D:7      | Noticed Joseph
  4838 | D:7      | Killed Joseph
  5025 | D:7      | Reached XP level 9. HP: 38/75 MP: 8/8
  5345 | D:7      | Noticed a cyclops
  5349 | D:7      | Reached skill level 5 in Dodging
  5362 | D:7      | Killed a cyclops
  5363 | D:7      | Reached skill level 1 in Invocations
  5684 | D:8      | Found a glowing silver altar of Zin.
  5723 | D:8      | Noticed Psyche
  5727 | D:8      | Killed Psyche
  5728 | D:8      | Reached skill level 2 in Invocations
  5840 | D:8      | Found a shadowy altar of Dithmenos.
  6225 | D:8      | Found a sparkling altar of Nemelex Xobeh.
  6405 | D:8      | Identified a scroll of acquirement
  6405 | D:8      | Acquired the ring of Ifol {^Drain rC+ EV+5 Str+2 Dex+2}
  6452 | D:9      | Noticed a manticore
  6461 | D:9      | Killed a manticore
  6462 | D:9      | Reached skill level 10 in Axes
  6462 | D:9      | Reached XP level 10. HP: 81/88 MP: 9/11
  6474 | D:9      | Found a runed translucent gate.
  6475 | D:9      | Found a runed translucent gate.
  6476 | D:9      | Found a runed translucent gate.
  6476 | D:9      | Reached * piety under the Shining One
  6477 | D:9      | Noticed dakkaduck's ghost (novice MiBe)
  6577 | D:9      | Reached skill level 3 in Invocations
  6708 | D:9      | Found a staircase to the Lair.
  6937 | D:9      | Found an ornate altar of the Wu Jian Council.
  7009 | D:9      | You fall into a shaft and drop 3 floors!
  7027 | D:12     | Noticed a manticore
  7028 | D:12     | Noticed a cyclops
  7046 | D:12     | Killed a manticore
  7053 | D:12     | Killed a cyclops
  7054 | D:12     | Reached skill level 4 in Invocations
  7166 | D:11     | Noticed a boulder beetle
  7187 | D:11     | Killed a boulder beetle
  7217 | D:10     | Entered Level 10 of the Dungeon
  7224 | D:10     | Noticed a gargoyle
  7229 | D:10     | Killed a gargoyle
  7375 | D:10     | Reached XP level 11. HP: 81/95 MP: 13/13
  7598 | D:9      | Noticed Maggie
  7607 | D:9      | Killed Maggie
  7803 | D:10     | Found a radiant altar of Vehumet.
  7963 | D:10     | Reached ** piety under the Shining One
  8398 | D:11     | Noticed a two-headed ogre
  8405 | D:11     | Killed a two-headed ogre
  8462 | D:11     | Reached skill level 5 in Invocations
  8694 | D:11     | Found a staircase to the Orcish Mines.
  8735 | D:11     | Noticed a two-headed ogre
  8742 | D:11     | Killed a two-headed ogre
  8936 | D:12     | Reached skill level 10 in Fighting
  8936 | D:12     | Reached skill level 10 in Armour
  9122 | D:12     | Noticed Fannar
  9131 | D:12     | Killed Fannar
  9132 | D:12     | Reached XP level 12. HP: 94/106 MP: 15/15
  9175 | D:12     | Noticed Rupert
  9377 | Lair:1   | Entered Level 1 of the Lair of Beasts
  9429 | Lair:1   | Noticed Sonja
  9441 | Lair:1   | Killed Sonja
  9442 | Lair:1   | Reached skill level 10 in Shields
  9520 | Lair:1   | Identified the +0 robe of Intuition {Will+}
  9743 | Lair:1   | Reached skill level 6 in Invocations
 10529 | Lair:2   | Found a staircase to the Shoals.
 10726 | Lair:2   | Found a staircase to the Snake Pit.
 11236 | Lair:3   | Noticed a five-headed hydra
 11247 | Lair:3   | Killed a six-headed hydra
 11296 | Lair:3   | Reached *** piety under the Shining One
 11513 | Lair:3   | You fall into a shaft and drop 1 floor!
 11603 | Lair:3   | Noticed Nergalle
 11618 | Lair:3   | Killed Nergalle
 11619 | Lair:3   | Reached skill level 7 in Invocations
 11936 | Lair:3   | Found a transporter.
 11939 | Lair:3   | Found a transporter.
 12088 | Lair:3   | Found a bloodstained altar of Trog.
 12088 | Lair:3   | Noticed Loywebes's ghost (journeyman MiFi)
 12192 | Lair:4   | Noticed xelsha's ghost (journeyman GnEE)
 12192 | Lair:4   | Found a runed translucent door.
 12195 | Lair:4   | Noticed a five-headed hydra
 12200 | Lair:4   | Reached XP level 13. HP: 114/116 MP: 17/17
 13136 | Lair:5   | Entered Level 5 of the Lair of Beasts
 13144 | Lair:5   | Found a staircase to the Slime Pits.
 13144 | Lair:5   | Found a viscous altar of Jiyva.
 13467 | Lair:5   | Reached skill level 15 in Axes
 14020 | Lair:5   | Reached skill level 10 in Dodging
 14114 | Lair:5   | Reached skill level 8 in Invocations
 14136 | Lair:5   | Identified the +8 battleaxe of the Singing Gods {flame, rF-
                  | Str+4 Stlth+}
 14683 | D:12     | Reached **** piety under the Shining One
 14920 | D:12     | Killed Rupert
 15098 | D:13     | Reached XP level 14. HP: 99/126 MP: 19/19
 15316 | D:13     | Reached ***** piety under the Shining One
 15435 | D:13     | Noticed Josephine
 15446 | D:13     | Killed Josephine
 15537 | D:13     | Reached skill level 1 in Shapeshifting
 15915 | D:13     | Found a gate to the Vaults.
 16232 | D:14     | Found a glowing golden altar of the Shining One.
 16703 | D:14     | Reached skill level 9 in Invocations
 17131 | D:15     | Entered Level 15 of the Dungeon
 17147 | D:15     | Found a gate leading to a gauntlet.
 17151 | Gauntlet | Entered a Gauntlet
 17151 | Gauntlet | Found a transporter.
 17160 | Gauntlet | Found a transporter.
 17175 | Gauntlet | Found a transporter.
 17180 | Gauntlet | Found a transporter.
 17197 | Gauntlet | Found a transporter.
 17215 | Gauntlet | Found a transporter.
 17227 | Gauntlet | Found a transporter.
 17234 | Gauntlet | Noticed a quicksilver ooze
 17239 | Gauntlet | Found a transporter.
 17251 | Gauntlet | Found a transporter.
 17263 | Gauntlet | Found a transporter.
 17280 | Gauntlet | Found a transporter.
 17298 | Gauntlet | Found a transporter.
 17300 | Gauntlet | Found a transporter.
 17325 | Gauntlet | Found a transporter.
 17327 | Gauntlet | Found a transporter.
 17347 | Gauntlet | Found a transporter.
 17425 | Gauntlet | Found a transporter.
 17445 | Gauntlet | Found a transporter.
 18082 | D:15     | Found a staircase to the Depths.
 18089 | D:15     | Reached XP level 15. HP: 135/135 MP: 20/20
 18733 | D:15     | Acquired a manual of Shields
 18991 | D:7      | Killed blundermoth's ghost
 19083 | D:9      | Killed dakkaduck's ghost
 19284 | Lair:3   | Killed Loywebes's ghost
 19357 | Lair:4   | Killed xelsha's ghost
 19563 | Orc:1    | Entered Level 1 of the Orcish Mines
 19633 | Orc:1    | Reached ****** piety under the Shining One
 19741 | Orc:1    | Found Afagakk's Overcharged Wands.
 19960 | Orc:2    | Entered Level 2 of the Orcish Mines
 19961 | Orc:2    | Found Pyta's Antique Weapon Emporium.
 20331 | Orc:2    | Found Douseciq's Antique Armour Shoppe.
 20355 | Orc:2    | Found a staircase to the Elven Halls.
 20420 | Orc:2    | Found Ecwuevor's Jewellery Shoppe.
 20531 | Orc:2    | Found Citsemue's Book Shoppe.
 20626 | Orc:2    | Found Onaocoir's General Store.
 20741 | Orc:2    | Found a burning altar of Makhleb.
 20996 | D:5      | Bought a potion of might for 56 gold pieces
 20996 | D:5      | Bought a potion of cancellation for 112 gold pieces
 20996 | D:5      | Bought a potion of might for 56 gold pieces
 21233 | Depths:1 | Entered Level 1 of the Depths
 21260 | Depths:1 | Found a one-way gateway to a ziggurat.
 21362 | Depths:1 | Noticed a fire giant
 21374 | Depths:1 | Killed a fire giant
 21642 | Depths:1 | Reached skill level 5 in Shapeshifting
 21665 | Depths:1 | Noticed a frost giant
 21668 | Depths:1 | Killed a frost giant
 21759 | Depths:1 | Reached skill level 10 in Invocations
 21856 | Depths:1 | Found a gateway to Hell.
 22015 | Depths:1 | Reached XP level 16. HP: 123/145 MP: 22/22
 22058 | Depths:1 | Noticed an ancient champion
 22157 | D:15     | Killed an ancient champion
 22382 | Depths:1 | Noticed Norris
 22431 | Depths:1 | Acquired the +0 hat of Qesm {*Corrode Str+6 Int+4}
 22669 | Depths:1 | Killed Norris
 22712 | Depths:1 | Found an iron altar of Okawaru.
 23233 | Depths:2 | Noticed Nikola
 23254 | Depths:2 | Killed Nikola
 23556 | Depths:2 | Reached skill level 11 in Invocations
 23594 | Depths:2 | Reached skill level 15 in Fighting
 23603 | Depths:2 | Found a one-way gate to the infinite horrors of the Abyss.
 23603 | Depths:2 | Noticed a tengu reaver
 24003 | Snake:1  | Entered Level 1 of the Snake Pit
 24699 | Snake:1  | Reached XP level 17. HP: 156/156 MP: 24/24
 24906 | Snake:2  | Noticed Donald
 24919 | Snake:2  | Killed Donald
 25048 | Snake:2  | Identified the serpent talisman of Sloth {rCorr Slay+3}
 25048 | Snake:2  | Noticed Aizul
 25049 | Snake:2  | Found a glacial archway.
 25062 | Snake:2  | Killed Aizul
 25147 | IceCv    | Entered an ice cave
 25837 | IceCv    | Noticed an Ice Fiend
 25858 | IceCv    | Killed an Ice Fiend
 26597 | Snake:2  | Found a runed translucent door.
 26606 | Snake:2  | Noticed Tuffe's ghost (adept FoFi)
 27274 | Snake:2  | Killed Tuffe's ghost
 27314 | Snake:3  | Reached skill level 12 in Invocations
 27568 | Snake:3  | Found Utaephoa's Jewellery Emporium.
 27570 | Snake:3  | Found Larpheite's Weapon Emporium.
 27570 | Snake:3  | Found Ufe Ekee's Jewellery Shoppe.
 27573 | Snake:3  | Found Oshrudefo's Distillery.
 27575 | Snake:3  | Bought the ring of Siysul {rElec rF+ rC+ rCorr Int+6} for
                  | 1392 gold pieces
 27590 | Snake:3  | Bought a potion of curing for 42 gold pieces
 27590 | Snake:3  | Bought a potion of heal wounds for 70 gold pieces
 27590 | Snake:3  | Bought a potion of heal wounds for 70 gold pieces
 27590 | Snake:3  | Bought a potion of curing for 42 gold pieces
 27590 | Snake:3  | Bought a potion of might for 56 gold pieces
 27590 | Snake:3  | Bought a potion of mutation for 112 gold pieces
 27840 | Snake:3  | Noticed Roxanne
 27914 | Snake:3  | Killed Roxanne
 28243 | Snake:4  | Entered Level 4 of the Snake Pit
 28311 | Snake:4  | Reached skill level 10 in Shapeshifting
 28846 | Snake:4  | Reached XP level 18. HP: 168/168 MP: 26/26
 29768 | Snake:4  | Reached skill level 13 in Invocations
 29775 | Snake:4  | Reached skill level 15 in Dodging
 30099 | Shoals:1 | Entered Level 1 of the Shoals
 30673 | Shoals:1 | Noticed Mlioglotl
 30692 | Shoals:1 | Killed Mlioglotl
 31388 | Shoals:2 | Found Fiommace's CLEARANCE SALE!.
 31636 | Shoals:2 | Bought a scroll of fear for 12 gold pieces
 31831 | Shoals:3 | Reached XP level 19. HP: 95/177 MP: 28/28
 32706 | Shoals:4 | Entered Level 4 of the Shoals
 32971 | Shoals:4 | Noticed Ilsuiw
 32978 | Shoals:4 | Identified the +1 robe of the Maze {SInv}
 33077 | Shoals:3 | Killed Ilsuiw
 33319 | Shoals:4 | Reached skill level 14 in Invocations
 33776 | Shoals:4 | HP: 8/179 [merfolk javelineer/silver javelin[Ilsuiw] (5)]
 35004 | Depths:2 | Found an opulent altar of Gozag.
 35128 | Depths:2 | Found a one-way gate leading to the halls of Pandemonium.
 35528 | Depths:2 | Identified the +10 arbalest of Ofonnadoca {heavy, ^Fragile
                  | rPois Will+ Str+2}
 35722 | Depths:2 | Got the Notes on Fumes
 35906 | Depths:3 | Reached skill level 15 in Invocations
 36098 | Depths:3 | Reached XP level 20. HP: 187/187 MP: 30/30
 36677 | Depths:3 | Found a basalt altar of Yredelemnul.
 36695 | Depths:3 | Found Sielas's Jewellery Emporium.
 36695 | Depths:3 | Found Cezyuc's Distillery.
 36708 | Depths:3 | Found Axzyt's Weapon Emporium.
 37333 | Depths:4 | Entered Level 4 of the Depths
 37351 | Depths:4 | Reached skill level 15 in Shapeshifting
 37805 | Depths:4 | Found a white marble altar of Elyvilon.
 38203 | Depths:4 | Found a gateway to a bazaar.
 38216 | Bazaar   | Entered a bazaar
 38237 | Bazaar   | Found Elaoskoi's Armour Shoppe.
 38253 | Bazaar   | Found Guhecucs's Book Shoppe.
 38358 | Depths:4 | Found a gate to the Realm of Zot.
 38850 | Elf:1    | Entered Level 1 of the Elven Halls
 38961 | Elf:1    | Noticed Zenata
 38973 | Elf:1    | Killed Zenata
 39271 | Elf:1    | Got Mara's Atlas of the Old and Reckless
 39817 | Elf:2    | Found Kisetran's Magic Scroll Boutique.
 39822 | Elf:2    | Bought a scroll of enchant weapon for 90 gold pieces
 39822 | Elf:2    | Bought a scroll of teleportation for 36 gold pieces
 39822 | Elf:2    | Bought a scroll of teleportation for 36 gold pieces
 39834 | Elf:2    | Found Wiahoumm's Assorted Antiques.
 39850 | Elf:2    | Bought a pair of glimmering boots for 218 gold pieces
 39850 | Elf:2    | Identified the +1 pair of boots of the Beekeeper {rC+ rN++
                  | Int-3} (You bought it in a shop on level 2 of the Elven
                  | Halls)
 39850 | Elf:2    | Bought a potion of heal wounds for 115 gold pieces
 39876 | Elf:2    | Found Wisohots's Book Shop.
 39952 | Elf:2    | Found a flickering gateway to a bazaar.
 39957 | Bazaar   | Entered a bazaar
 39977 | Bazaar   | Found Vauxteu's Magic Scroll Emporium.
 39982 | Bazaar   | Bought a scroll of revelation for 67 gold pieces
 39982 | Bazaar   | Bought a scroll of teleportation for 27 gold pieces
 39982 | Bazaar   | Bought a scroll of teleportation for 27 gold pieces
 39982 | Bazaar   | Bought a scroll of teleportation for 27 gold pieces
 39982 | Bazaar   | Bought a scroll of fog for 36 gold pieces
 39999 | Bazaar   | Found Kunag's Book Shoppe.
 40026 | Bazaar   | Found Zobbyap's Armour Shoppe.
 40035 | Bazaar   | Found Uxtatiss's Antique Weapon Shoppe.
 40044 | Bazaar   | Found Pailey's Assorted Antiques.
 40062 | Bazaar   | Bought a scorched broad axe for 207 gold pieces
 40062 | Bazaar   | Identified the +5 broad axe "Anithric" {flame, Dex+3} (You
                  | bought it in a shop in a bazaar)
 40121 | Elf:2    | Found Johynol's Weapon Shop.
 40160 | Elf:2    | Paralysed by an air elemental for 1 turns
 40234 | Elf:2    | Found a runed translucent gate.
 40234 | Elf:2    | Found a runed translucent gate.
 40234 | Elf:2    | Found a runed translucent gate.
 40567 | Elf:2    | Noticed Azrael
 40573 | Elf:2    | Reached XP level 21. HP: 195/195 MP: 31/31
 40578 | Elf:2    | Killed Azrael
 40634 | Elf:2    | Reached skill level 15 in Shields
 41017 | Elf:3    | Entered Level 3 of the Elven Halls
 41366 | Elf:3    | Noticed Asterion
 41373 | Elf:3    | Killed Asterion
 41490 | Abyss:2  | Cast into level 2 of the Abyss (a deep elf sorcerer)
 41516 | Abyss:2  | Found a corrupted altar of Lugonu.
 41524 | Abyss:2  | Found a corrupted altar of Lugonu.
 41524 | Abyss:2  | Found a corrupted altar of Lugonu.
 41623 | Abyss:2  | Found a corrupted altar of Lugonu.
 41701 | Elf:3    | Escaped the Abyss
 41747 | Elf:2    | Found an ancient bone altar of Kikubaaqudgha.
 41798 | Elf:3    | Found the +8 frozen axe "Frostbite" {freeze, freezing
                  | cloud, *Noise Fly rC+}
 41821 | Elf:3    | Identified the +9 long sword "Ruzap" {speed, rN+}
 41827 | Elf:3    | Identified the ring "Cobrin" {*Slow rElec rPois rF++ Int+6}
 41856 | Elf:3    | Identified the amulet of Adduipilu {Spirit +Inv Str+2 Int-3
                  | Stlth+}
 41911 | Elf:3    | Identified the ring of Awe {Will+ rCorr Int-5 Dex+2 Slay+6}
 41920 | Elf:3    | Reached skill level 16 in Invocations
 41946 | Elf:3    | Identified the staff "Joyh" {rElec rC+ Ice}
 41964 | Elf:3    | Identified the +7 hand axe "Myl Zyu" {flame, *Rage rF+++
                  | Int-5 Dex+6}
 42451 | Depths:3 | Bought the ring of the Rhinotaur {rC+ Str+6 Int-3 Dex+2
                  | Slay+3} for 1149 gold pieces
 42525 | Hell     | Entered the Vestibule of Hell
 42525 | Hell     | Noticed Geryon
 42543 | Hell     | Killed Geryon
 42747 | Hell     | Found a gateway to the decaying netherworld of Tartarus.
 42754 | Hell     | Reached XP level 22. HP: 206/206 MP: 33/33
 42813 | Hell     | Found a gateway to the ashen valley of Gehenna.
 42894 | Hell     | Found a gateway to the Iron City of Dis.
 42943 | Hell     | Found a gateway to the freezing wastes of Cocytus.
 43158 | Vaults:1 | Entered Level 1 of the Vaults
 43383 | Vaults:1 | Found Byc Ugis's Weapon Shop.
 43423 | Vaults:1 | Noticed Boris
 43437 | Vaults:1 | Killed Boris
 43495 | Vaults:1 | Found a runed translucent gate.
 43495 | Vaults:1 | Found a runed translucent gate.
 43495 | Vaults:1 | Found a runed translucent gate.
 43495 | Vaults:1 | Noticed AgonHex's ghost (veteran HOFi)
 44115 | Vaults:1 | Found a viscous altar of Jiyva.
 44138 | Vaults:1 | Killed AgonHex's ghost
 44263 | Vaults:1 | Identified the +2 leather armour of Nihilism {Str+2}
 44323 | Vaults:2 | Reached skill level 17 in Invocations
 44506 | Vaults:2 | Noticed Boris
 44520 | Vaults:2 | Killed Boris
 45067 | Vaults:2 | Acquired 837 gold pieces
 45137 | Vaults:2 | Reached XP level 23. HP: 217/217 MP: 34/34
 45693 | Vaults:2 | Found a staircase to the Crypt.
 46437 | Vaults:3 | Identified the +8 dagger of Intuition {heavy, rCorr}
 46450 | Vaults:3 | Reached skill level 18 in Invocations
 46774 | Vaults:3 | Found Heef Nye's Assorted Antiques.
 46783 | Vaults:3 | Bought a scroll of blinking for 255 gold pieces
 46783 | Vaults:3 | Bought a scroll of fear for 136 gold pieces
 46959 | Vaults:3 | Acquired the amulet of Xoyxkad {Spirit rC+ rCorr Str+3
                  | Dex-2}
 47011 | Vaults:4 | Noticed Boris
 47021 | Vaults:4 | Killed Boris
 47399 | Vaults:4 | Found a transporter.
 47399 | Vaults:4 | Noticed theMacoje's ghost (adept OnEn)
 47415 | Vaults:4 | Found a transporter.
 47626 | Vaults:4 | Got the Vellum of Accompaniment
 47679 | Vaults:4 | Noticed a caustic shrike
 47681 | Vaults:4 | Reached skill level 19 in Invocations
 47698 | Vaults:4 | Killed a caustic shrike
 47722 | Vaults:4 | Got the Omnibus of the Plateau
 47847 | Vaults:4 | Got Inink's Octavo of Correspondence
 48030 | Vaults:4 | Got the Exposition on the Catalyst
 48302 | Vaults:4 | Killed theMacoje's ghost
 48303 | Vaults:4 | Reached XP level 24. HP: 210/228 MP: 35/35
 48419 | Vaults:5 | Entered Level 5 of the Vaults
 48445 | Vaults:4 | Reached skill level 20 in Invocations
 48644 | Vaults:5 | Noticed an ancient lich
 48658 | Vaults:4 | Killed an ancient lich
 48939 | Vaults:5 | Noticed a dread lich
 48956 | Vaults:5 | Noticed Sojobo
 48965 | Vaults:5 | Killed a dread lich
 48969 | Vaults:5 | Killed Sojobo
 48971 | Vaults:5 | Reached skill level 21 in Invocations
 49065 | Vaults:5 | Noticed Bai Suzhen
 49082 | Vaults:5 | Killed Bai Suzhen
 49270 | Vaults:5 | Acquired 476 gold pieces
 49272 | Vaults:5 | Acquired 892 gold pieces
 49303 | Vaults:5 | Identified the ring of Afusiri {rC+ Str+6 Int+3}
 49332 | Vaults:5 | Noticed a dread lich
 49333 | Vaults:5 | Paralysed by a dread lich for 2 turns
 49341 | Vaults:5 | Killed a dread lich
 49443 | Vaults:5 | Noticed a dread lich
 49462 | Vaults:5 | Killed a dread lich
 49703 | Vaults:5 | Noticed a dread lich
 49711 | Vaults:5 | Killed a dread lich
 49720 | Vaults:5 | Identified the orb of Inevitability {light, ^Drain rN++
                  | Regen+ Dex+2}
 49720 | Vaults:5 | Noticed Frederick
 49727 | Vaults:5 | Killed Frederick
 49757 | Vaults:5 | Identified the staff of Fanenk {Dex+3 Conj}
 49765 | Vaults:5 | Identified the +0 chain mail of Jussa {rElec Regen+ Str+4
                  | Stlth+}
 49766 | Vaults:5 | Identified the staff of Extinguishment {rElec rPois Earth}
 49811 | Vaults:5 | Noticed an ancient lich
 49817 | Vaults:5 | Killed an ancient lich
 49823 | Vaults:5 | Reached XP level 25. HP: 235/235 MP: 36/36
 49833 | Vaults:5 | Noticed Mara
 49836 | Vaults:5 | Noticed inmateoo's illusion
 50066 | Vaults:5 | Noticed inmateoo's illusion
 50079 | Vaults:5 | Killed Mara
 50183 | Vaults:5 | Identified the +0 chain mail of Xiuz {Regen+ Str+5}
 50622 | Vaults:5 | Identified a +9 broad axe of holy wrath (a +9 broad axe of
                  | electrocution blessed by the Shining One)
 50622 | Vaults:5 | Received a gift from the Shining One
 50745 | Crypt:1  | Entered Level 1 of the Crypt
 50773 | Crypt:1  | Reached skill level 22 in Invocations
 51191 | Crypt:1  | Found a large runed translucent door.
 51191 | Crypt:1  | Found a large runed translucent door.
 51278 | Crypt:1  | Noticed Woadakig's ghost (veteran FoFi)
 51443 | Crypt:1  | Killed Woadakig's ghost
 51454 | Crypt:1  | Identified the +9 giant spiked club of the Grave {freeze,
                  | rElec Int+3}
 51864 | Crypt:2  | Noticed Mennas
 51901 | Crypt:2  | Killed Mennas
 52308 | Crypt:3  | Entered Level 3 of the Crypt
 52621 | Crypt:3  | Found a staircase to the Tomb.
 52774 | Crypt:3  | Found a basalt altar of Yredelemnul.
 52828 | Crypt:3  | Reached skill level 23 in Invocations
 53123 | Crypt:3  | Identified the +2 pair of gloves of Huusk {Regen+ Int+3}
 53427 | Crypt:3  | Got the Papyrus of Relocation
 54854 | Tomb:1   | Entered Level 1 of the Tomb of the Ancients
 55380 | Tomb:1   | Noticed a royal mummy
 55397 | Tomb:1   | Killed a royal mummy
 55501 | Tomb:1   | Identified the +0 leather armour "Jeusy" {rElec rF- rN+
                  | Will+}
 55871 | Tomb:2   | Noticed a royal mummy
 55872 | Tomb:2   | Noticed a royal mummy
 55875 | Tomb:2   | Noticed a royal mummy
 55877 | Tomb:2   | Reached XP level 26. HP: 244/244 MP: 37/37
 55877 | Tomb:2   | Noticed a royal mummy
 55880 | Tomb:2   | Noticed a royal mummy
 55882 | Tomb:2   | Killed a royal mummy
 55882 | Tomb:2   | Killed a royal mummy
 55883 | Tomb:2   | Killed a royal mummy
 55884 | Tomb:2   | Killed a royal mummy
 55885 | Tomb:2   | Killed a royal mummy
 55904 | Tomb:2   | Reached skill level 24 in Invocations
 56279 | Tomb:2   | Gained mutation: You are frail. (-10% HP) [mutagenic glow]
 56437 | Tomb:3   | Entered Level 3 of the Tomb of the Ancients
 56448 | Tomb:3   | Gained mutation: You occasionally lose the ability to read
                  | scrolls when taking damage. [mutagenic glow]
 56464 | Tomb:3   | Gained mutation: You are occasionally teleported next to
                  | monsters. [mutagenic glow]
 56491 | Tomb:3   | Gained mutation: Your spells are a little easier to cast,
                  | but a little less powerful. [mutagenic glow]
 56493 | Tomb:3   | Noticed a royal mummy
 56501 | Tomb:3   | Killed a royal mummy
 56531 | Tomb:3   | Noticed a royal mummy
 56540 | Tomb:3   | Killed a royal mummy
 56548 | Tomb:3   | Noticed a royal mummy
 56550 | Tomb:3   | Noticed a royal mummy
 56556 | Tomb:3   | Killed a royal mummy
 56557 | Tomb:3   | Killed a royal mummy
 56564 | Tomb:3   | Reached skill level 25 in Invocations
 56568 | Tomb:3   | Noticed a royal mummy
 56576 | Tomb:3   | Killed a royal mummy
 56577 | Tomb:3   | Noticed a royal mummy
 56583 | Tomb:3   | Noticed a royal mummy
 56588 | Tomb:3   | HP: 7/284 [royal mummy (18)]
 56589 | Tomb:3   | Killed a royal mummy
 56592 | Tomb:3   | Killed a royal mummy
 56593 | Tomb:3   | Noticed a royal mummy
 56720 | Tomb:3   | Killed a royal mummy
 56722 | Tomb:3   | Noticed a royal mummy
 56732 | Tomb:3   | Killed a royal mummy
 57023 | Tomb:3   | Got a golden rune of Zot
 57133 | Tomb:3   | Got the Compilation of the Shot
 57140 | Tomb:3   | Identified the staff of Theory {rPois rF+ Str-3 Int+3 Tloc
                  | Fire}
 57155 | Tomb:3   | Identified the +0 hand axe of Edazivot {heavy, rF- rN+
                  | Dex+8}
 57167 | Tomb:3   | Identified the staff of Ucoc {Fly rPois rF+ Int-3 Fire}
 57622 | Vaults:5 | Got a silver rune of Zot
 58054 | Shoals:4 | Reached skill level 26 in Invocations
 58064 | Shoals:4 | Got a barnacled rune of Zot
 58414 | Snake:4  | Got a serpentine rune of Zot
 58947 | Zot:1    | Entered Level 1 of the Realm of Zot
 58995 | Zot:1    | You fall into a shaft and drop 1 floor!
 59190 | Zot:2    | Reached XP level 27. HP: 225/225 MP: 39/39
 59190 | Zot:2    | Lost mutation: You are occasionally teleported next to
                  | monsters. [potion of mutation]
 59190 | Zot:2    | Lost mutation: You are frail. (-10% HP) [potion of
                  | mutation]
 59190 | Zot:2    | Lost mutation: Your spells are a little easier to cast, but
                  | a little less powerful. [potion of mutation]
 59190 | Zot:2    | Gained mutation: You are weak. (Str -2) [potion of
                  | mutation]
 59190 | Zot:2    | Gained mutation: Potions are less effective at restoring
                  | your health. [potion of mutation]
 59190 | Zot:2    | Gained mutation: You are partially covered in iridescent
                  | scales. (AC +2) [potion of mutation]
 59190 | Zot:2    | Gained mutation: You are mostly covered in iridescent
                  | scales. (AC +4) [potion of mutation]
 59191 | Zot:2    | Lost mutation: You occasionally lose the ability to read
                  | scrolls when taking damage. [potion of mutation]
 59191 | Zot:2    | Lost mutation: You are weak. (Str -2) [potion of mutation]
 59191 | Zot:2    | Gained mutation: You possess an exceptional clarity of
                  | mind. [potion of mutation]
 59191 | Zot:2    | Gained mutation: You occasionally lose the ability to drink
                  | potions when taking damage. [potion of mutation]
 59192 | Zot:2    | Lost mutation: You occasionally lose the ability to drink
                  | potions when taking damage. [potion of mutation]
 59192 | Zot:2    | Lost mutation: Potions are less effective at restoring your
                  | health. [potion of mutation]
 59192 | Zot:2    | Gained mutation: [Your magical capacity is low. (-10% MP)]
                  | [potion of mutation]
 59192 | Zot:2    | Gained mutation: Your muscles are strong. (Str +4, Int/Dex
                  | -1) [potion of mutation]
 59192 | Zot:2    | Lost mutation: [Your magical capacity is low. (-10% MP)]
                  | [potion of mutation]
 59664 | Zot:1    | Got An Introduction to Witchcraft
 59749 | Zot:1    | Found a runed translucent gate.
 59749 | Zot:1    | Noticed Heisao's ghost (legendary TrBe)
 59750 | Zot:1    | Found a runed translucent gate.
 59751 | Zot:1    | Found a runed translucent gate.
 60305 | Zot:2    | Reached skill level 27 in Invocations
 61249 | Zot:3    | Noticed an orb of fire
 61476 | Dis:1    | Entered Level 1 of the Iron City of Dis
 62366 | Dis:4    | Reached skill level 15 in Armour
 62924 | Dis:5    | Slain by an iron golem

Illustrated notes

Levels and vault maps discovered:
D:1:      mrwooster_arrival_arrow, layout_basic
D:2:      layout_basic
D:3:      layout_basic, dancing_weapons_uskayaw
D:4:      layout_rooms, fedhas_altar_4, tgw_kikubaaqudgha
D:5:      minmay_diamond_boxcup, layout_basic, mainiacjoe_overflow_catwalk,
          mainiacjoe_overflow_tiny_flanked, overflow_temple_1_default,
          serial_shops, shop, nicolae_letterblocks [nicolae_letter_subblock,
          nicolae_letter_subblock, nicolae_letter_subblock,
          nicolae_letter_subblock, nicolae_letter_subblock,
          nicolae_letter_subblock, nicolae_letter_subblock,
          nicolae_letter_subblock, nicolae_letter_subblock,
          nicolae_letter_subblock, nicolae_letter_subblock,
          nicolae_letter_subblock, nicolae_letter_subblock,
          nicolae_letter_subblock, nicolae_letter_subblock,
          nicolae_letter_subblock, nicolae_letter_subblock,
          nicolae_letter_subblock, nicolae_letter_subblock,
          nicolae_letter_subblock, nicolae_letter_subblock,
          nicolae_letter_subblock, nicolae_letter_subblock,
          nicolae_letter_subblock, nicolae_letter_subblock], uniq_ijyb
D:6:      layout_loops_ring, minmay_temple_entry_from_below_a
D:7:      layout_loops_ring, ebering_ghost_inner_flame, uniq_joseph
D:8:      layout_loops_cross, zin_scriptorium, mainiacjoe_overflow_alcove_1,
          nicolae_dithmenos_through_a_glass_darkly, kennysheep_minor_cross,
          uniq_psyche
D:9:      layout_loops_ring, lemuel_coloured_pillars_altar, erik_lair_dragon,
          gammafunk_ghost_nasty_kobolds, uniq_maggie
D:10:     layout_basic, mainiacjoe_overflow_paths
D:11:     layout_roguey, orc_0_dummy
D:12:     layout_loops_cross, uniq_rupert, uniq_fannar
D:13:     minmay_dotted_concentric_squares, layout_cave_pools,
          lightli_vaults_fourway_checkpoint, grunt_decor_junction,
          uniq_josephine
D:14:     nicolae_cairo_tiling_very_big, layout_long_grid, tso_metal_star
D:15:     gammafunk_depths_entry_grave, layout_basic, gauntlet_entry_generic,
          hangedman_abyss_or_decor_passed, minmay_misc_feat_room
Temple:   nicolae_temple_ecumenical_triangle
Lair:1:   layout_regular_city, nicolae_quartered_pool_medium, uniq_sonja
Lair:2:   layout_cave_pods, nicolae_shoals_entry_roost, dummy_snake_entry,
          st_stairs_4, hangedman_lair_unloving_vines
Lair:3:   layout_regular_city, gammafunk_ghost_wrathful_warriors, minivault_19,
          grunt_forest_stairs_basic, grunt_megastairs_1, uniq_nergalle
Lair:4:   layout_roguey, ebering_ghost_reflecting_pool, serial_bayou_shore_a,
          serial_bayou_shore_b, grunt_megastairs_2
Lair:5:   gammafunk_lair_ancient_temple, layout_long_grid,
          nicolae_slime_entry_slimehenge, lemuel_fruit_tree,
          serial_bayou_shore_b
Shoals:1: layout_shoals, abandoned_shop, nicolae_shoals_seven_spires,
          uniq_mlioglotl
Shoals:2: layout_shoals, nicolae_shop_clearance
Shoals:3: cheibrodos_shoals_three_sisters, layout_shoals,
          nicolae_shoals_lost_giant_temple, nicolae_shoals_wave_tunnel
Shoals:4: shoals_end_grunt_garden, layout_shoals, shoals_ilsuiw_alternative,
          nicolae_shoals_bring_sunscreen
Snake:1:  cheibrodos_snake_ritualist_ritual, layout_grid_maze
Snake:2:  layout_layer_cave, portal_ice_cave_entry_pillars_three,
          ebering_ghost_reflecting_pool, uniq_donald, uniq_aizul
Snake:3:  layout_honeycomb, drop_trap, serial_bayou_shore_b, grunt_megastairs_5,
          minmay_shoptagon, uniq_roxanne
Snake:4:  snake_pit_salamanders_mu, layout_misc_corridors
Orc:1:    layout_caves, nicolae_shop_overcharged_wands
Orc:2:    grunt_orc_gardens, layout_caves, grunt_orc_garden, grunt_orc_garden,
          grunt_orc_garden, grunt_orc_garden, serial_shops, nicolae_shop_trees,
          regret_index_minedec_devilstone
Elf:1:    layout_onion_city, minmay_elf_demonology, dreamdust_princess_corridor,
          eino_tiny_chamber, uniq_zenata
Elf:2:    elven_hall_of_blades_hangedman_original [grunt_blade_entry_basic],
          layout_geoelf_grid, serial_shops, bzr_entry_road, shop,
          nicolae_shop_tiny_glass, shop_fountains, nicolae_shop_rolling_square,
          nicolae_elf_big_sculpture_1, dreamdust_mushroom_princess,
          lemuel_upstairs_altar, uniq_azrael
Elf:3:    minmay_elf_hall_quartered_circle, layout_geoelf_diagonals,
          uniq_asterion
Vaults:1: gammafunk_ghost_ooze, vaults_dpeg_diagonal, hangedman_vaults_impose,
          ontoclasm_vaults_ring_small, ontoclasm_vaults_hangar,
          nicolae_vaults_taking_the_gang_shopping, v_misc_30,
          nicolae_vaults_sightless_eye, nicolae_vaults_windows_and_doors_thing,
          nicolae_vaults_murder_corner, v_pattern_3, layout_vaults_big_room,
          uniq_boris
Vaults:2: nicolae_vaults_disjoint_gnomons, minmay_crypt_entry_simple_walls,
          nicolae_vaults_storage_room_glass, ontoclasm_vaults_ligature,
          nicolae_vaults_tetromino_L_2, vaults_room_guarded_vault,
          vaults_dpeg_encased_lava, grunt_vaults_bifocal,
          nicolae_vaults_shrinking_rooms_1, ontoclasm_vaults_chip,
          nicolae_vaults_apartment_1, nicolae_vaults_sesquioval_fish,
          nicolae_vaults_turnstiles, v_misc_16, nicolae_vaults_network_square,
          layout_vaults_omnibox
Vaults:3: nicolae_vaults_little_squares_2, v_pattern_5,
          nicolae_vaults_good_morning_starshine,
          nicolae_vaults_closet_pinwheel_1, grunt_vaults_trifunnel,
          ontoclasm_vaults_gateway, vaults_room_grunt_arrival_ludios,
          hangedman_vaults_hat, hangedman_vaults_maws,
          nicolae_vaults_diagonal_hallway_6,
          serial_library_hellmonk_open_square, layout_vaults_big_cross,
          serial_shops, nicolae_shop_competitors_out_of_business
Vaults:4: gammafunk_ghost_arena, grunt_vaults_swirl, nicolae_vaults_little_ls,
          v_misc_28, nicolae_vaults_tetromino_T_1,
          nicolae_vaults_surprise_closet, layout_vaults_omnigrid,
          serial_magic_research, hangedman_research_quantum,
          hangedman_research_toxicology, hangedman_research_convocations,
          hangedman_research_geology
Vaults:5: uniq_frederick, uniq_bai_suzhen, uniq_mara, uniq_sojobo
Crypt:1:  layout_regular_city, ebering_ghost_disaster_area
Crypt:2:  layout_regular_city, uniq_mennas
Crypt:3:  evilmike_haunted_forest, uniq_josephina
Tomb:1
Tomb:2
Tomb:3
Depths:1: layout_gridlike, enter_ziggurat_b, grunt_mini_vestibule, nrook_uturn,
          okawaru_ov_weapons_minmay, uniq_norris
Depths:2: evilmike_lava_path, layout_gridlike, abyss_entry,
          grunt_gozag_breadcrumbs, pf_vacation_house_of_asmodeus,
          rand_demon_pan_entry_1, minmay_liquid_box, minmay_misc_feat_cross,
          uniq_nikola
Depths:3: minmay_spriggan_fort, layout_basic, yredelemnul_altar_generic,
          hell_entry, hangedman_abyss_entry_splay, grunt_ministairs_12,
          minmay_staircase_windowed_large, minmay_shop_star, uniq_margery
Depths:4: grunt_zot_entry_tricorne, layout_honeycomb, serial_shops, statue_bzr,
          grunt_hell_entry_dis_grunt, elyvilon_altar_3
Hell
Dis:1:    layout_jigsaw
Dis:2:    layout_regular_city, nicolae_dis_bowling_alley
Dis:3:    layout_subdivisions, glass_columns_a
Dis:4:    layout_regular_city, serial_glass, glass_columns_b, glass_columns_a,
          glass_columns_c, glass_columns_a, glass_columns_b, glass_columns_a
Dis:5:    layout_regular_city
Zot:1:    layout_basic, gammafunk_ghost_tricky_traps,
          regret_index_zotdec_golden_two_three
Zot:2:    layout_cathedral_of_symmetry, regret_index_zotdec_dark_gr,
          st_large_dragon_hoard_1
Zot:3:    infiniplex_zot_generator, layout_onion_interference,
          grunt_megastairs_3

Skill      XL: |  1  2  3  4  5  6  7  8  9 10 11 12 13 14 15 16 17 18 19 20 21 22 23 24 25 26 27 |
---------------+----------------------------------------------------------------------------------+-----
Axes           | 3 4 5 6 8 10 11 13 14 15 17 18 19 20 21 | 21.8
Fighting       | 4 5 6 7 8 10 11 12 13 15 16 17 18 19 20 21 | 21.9
Armour         | 4 5 6 7 9 10 11 12 13 14 15 | 15.4
Dodging        | 1 2 3 4 6 7 8 9 10 11 12 13 14 15 16 17 18 20 | 20.0
Shields        | 4 5 6 7 8 9 10 12 14 17 19 20 | 20.0
Invocations    | 2 4 5 7 8 9 10 11 12 13 15 16 17 19 21 23 26 27 | 27.0
Shapeshifting  | 3 5 8 10 11 13 16 17 19 20 | 20.0

Action                     |  1- 3 |  4- 6 |  7- 9 | 10-12 | 13-15 | 16-18 | 19-21 | 22-24 | 25-27 || total
---------------------------+-------+-------+-------+-------+-------+-------+-------+-------+-------++-------
  Melee: War axe           |    52 |   122 |   209 |   406 |   429 |       |       |       |       ||  1218
         Headbutt          |    10 |    23 |    50 |   129 |   240 |   348 |   396 |   329 |   500 ||  2025
         Broad axe         |       |       |       |       |   417 |  1087 |  1294 |   957 |  1271 ||  5026
  Throw: Throwing net      |       |       |       |       |       |       |       |       |     1 ||     1
 Invoke: Summon Divine War |       |       |       |       |     2 |     5 |       |       |     5 ||    12
         Divine Shield     |       |       |       |       |       |     1 |     1 |       |     4 ||     6
         Cleansing Flame   |       |       |       |       |       |       |     3 |       |    25 ||    28
         Brand Weapon With |       |       |       |       |       |       |       |       |     1 ||     1
  Evoke: Wand              |       |       |       |     5 |    15 |       |     2 |       |     2 ||    24
         Phantom mirror    |       |       |       |       |       |       |       |     1 |     1 ||     2
    Use: Scroll            |       |     9 |     4 |    13 |    10 |    11 |    15 |    10 |    30 ||   102
         Potion            |       |       |     2 |       |     4 |     2 |     8 |       |    11 ||    27
 Armour: Scale mail        |    33 |    90 |   167 |    39 |       |       |       |       |       ||   329
         Acid dragon scale |       |       |       |   117 |   191 |       |       |       |       ||   308
         Chain mail        |       |       |       |       |   214 |   139 |       |       |       ||   353
         Plate armour      |       |       |       |       |       |   488 |   627 |       |       ||  1115
         Skin              |       |       |       |       |       |       |   333 |   848 |   692 ||  1873
         Gold dragon scale |       |       |       |       |       |       |       |       |   280 ||   280
  Dodge: Dodged            |    24 |    43 |   139 |   291 |   636 |   617 |   893 |   835 |   718 ||  4196
  Block: Buckler           |     8 |    21 |    55 |   140 |   193 |       |       |       |       ||   417
         Kite shield       |       |       |       |       |   231 |   682 |   935 |   934 |   985 ||  3767
         Reflection        |       |       |       |       |       |    61 |    70 |    81 |    20 ||   232
   Form: Statue            |       |       |       |       |       |       |     2 |     2 |     1 ||     5
                           |       |       |       |       |       |       |     1 |     1 |     2 ||     4
         Storm             |       |       |       |       |       |       |       |     1 |       ||     1
